 Dungeon Crawl Stone Soup version 0.27-a0-1317-gd1140b374c (webtiles) character file.

Game seed: 4565435798425416410

823 BlueGoblin the Covered (level 7, 0/61 HPs)
             Began as a Minotaur Fighter on June 21, 2021.
             Succumbed to a water moccasin's poison
             ... on level 5 of the Dungeon.
             The game lasted 00:12:56 (9079 turns).

BlueGoblin the Covered (Minotaur Fighter)           Turns: 9079, Time: 00:12:57

Health: 0/61       AC:  7    Str: 23    XL:     7   Next: 64%
Magic:  6/6        EV:  8    Int:  5    God:
Gold:   660        SH: 10    Dex:  9    Spells: 6/6 levels left

rFire    . . .     SeeInvis .   a - +0 war axe
rCold    . . .     Faith    .   c - +0 kite shield
rNeg     . . .     Spirit   .   b - +0 scale mail
rPois    .         Reflect  .   (helmet restricted)
rElec    .         Harm     .   (no cloak)
rCorr    .         Rampage  .   (no gloves)
Will     .....                  (no boots)
Stlth    ..........             (no amulet)
HPRegen  0.20/turn              (no ring)
MPRegen  0.10/turn              (no ring)

@: lethally poisoned (0 -> -22)
A: horns 2, retaliatory headbutt
a: no special abilities


You were on level 5 of the Dungeon.
You visited 1 branch of the dungeon, and saw 6 of its levels.
You also visited: Ossuary.

You collected 660 gold pieces.

Inventory:

Hand Weapons
 a - a +0 war axe (weapon)
Armour
 b - a +0 scale mail (worn)
 c - a +0 kite shield (worn)
Scrolls
 g - 2 scrolls of teleportation
 h - a scroll of enchant weapon {unknown}
Potions
 d - a potion of mutation
 e - a potion of degeneration
 i - a potion of invisibility
 j - a potion of cancellation
 k - 3 potions of brilliance
 o - a potion of might


   Skills:
 + Level 5.0 Fighting
 + Level 6.3 Axes
 + Level 7.0 Armour
 + Level 1.4 Dodging
 + Level 1.2 Stealth
 + Level 5.1 Shields


You had 6 spell levels left.
You didn't know any spells.
Your spell library contained the following spells:

 Spells                   Type           Power      Damage    Failure   Level
 Magic Dart               Conj           0%         1d3       99%         1
 Sandblast                Erth           0%         2d4       99%         1
 Passwall                 Tmut/Erth      0%         N/A       100%        2
 Searing Ray              Conj           0%         3d3       100%        2
 Dazzling Flash           Conj/Hex       0%         N/A       100%        3
 Stone Arrow              Conj/Erth      0%         3d7       100%        3
 Fulminant Prism          Conj/Hex       0%         3d6       100%        4
 Iskenderun's Mystic Bla  Conj/Tloc      0%         2d3       100%        4
 Petrify                  Tmut/Erth      0%         N/A       100%        4
 Lee's Rapid Deconstruct  Erth           0%         3d5*      100%        5


Dungeon Overview and Level Annotations

Branches:
Dungeon (6/15)            Ossuary (visited)
 Temple: D:4-7

Altars:
Qazlal


Innate Abilities, Weirdness & Mutations

You have a pair of horns on your head.
You reflexively headbutt those who attack you in melee.


Message History

The water moccasin is heavily wounded.
The water moccasin bites you.
You are poisoned.
The water moccasin poisons you! The water moccasin bites you.
You slash the water moccasin!
The water moccasin is almost dead.
You feel very sick. The water moccasin bites you.
The water moccasin barely misses you.
You closely miss the water moccasin.
The water moccasin is almost dead.
You feel very sick. The water moccasin barely misses you.
You furiously retaliate!
You headbutt the water moccasin. The water moccasin bites you.
You are more poisoned.
The water moccasin poisons you!
You miss the water moccasin.
The water moccasin is almost dead.
You feel extremely sick. You block the water moccasin's attack.
The water moccasin barely misses you.
You barely miss the water moccasin.
The water moccasin is almost dead.
You feel very sick. The water moccasin bites you.
You are lethally poisoned!
The water moccasin poisons you! The water moccasin bites you.
You are more poisoned.
The water moccasin poisons you!
You closely miss the water moccasin.
The water moccasin is almost dead.
* * * LOW HITPOINT WARNING * * *
You feel extremely sick.
The water moccasin bites you but does no damage. x2
Unknown command.
Okay, then.
As you read the scroll of fog, it crumbles to dust.
The scroll dissolves into smoke.
* * * LOW HITPOINT WARNING * * *
You feel extremely sick. You block the water moccasin's attack.
The water moccasin closely misses you.
You die...

###### #....#
###....# +.#....#
#....§§#
#..§§######... ##+##
+..§§@§SO.'...
#...####..§§######...
#...##....§##
##.###.....#
#...##.....####
#...##..........
#.>.............
#...##...........
#...##...........


You could see a water moccasin.

Vanquished Creatures
  Grinder (D:3)
  Sigmund (D:3)
  A water moccasin (D:5)
  An elf zombie (Ossuary)
  2 human zombies (Ossuary)
  Terence (D:2)
  2 mummies (Ossuary)
  8 gnolls (D:3)
  An adder (D:2)
  2 orcs
  2 ball pythons (D:1)
  8 endoplasms
  13 goblins
  7 hobgoblins
  9 jackals
  9 kobolds
  A quokka (D:1)
  5 bats (D:1)
  3 frilled lizards
  4 goblin zombies (Ossuary)
  11 hobgoblin zombies (Ossuary)
  3 jackal zombies (Ossuary)
  10 kobold zombies (Ossuary)
  5 orc zombies (Ossuary)
  3 rats
  A rat zombie (Ossuary)
114 creatures vanquished.

Vanquished Creatures (others)
  3 plants (D:2)
3 creatures vanquished.

Grand Total: 117 creatures vanquished

Notes
Turn   | Place    | Note
-------+----------+-------------------------------------------
     0 | D:1      | BlueGoblin the Minotaur Fighter began the quest for the
                  | Orb.
     0 | D:1      | Reached XP level 1. HP: 19/19 MP: 0/0
   333 | D:1      | Reached XP level 2. HP: 27/27 MP: 1/1
   397 | D:1      | Reached skill level 4 in Armour
   435 | D:1      | Found a faded altar of an unknown god.
   655 | D:1      | Reached XP level 3. HP: 28/33 MP: 2/2
  1482 | D:2      | Noticed Terence
  1652 | D:2      | Killed Terence
  1653 | D:2      | Reached XP level 4. HP: 35/40 MP: 3/3
  2349 | D:3      | Noticed Sigmund
  5111 | D:3      | HP: 2/40 [something (4)]
  5512 | D:3      | Killed Sigmund
  5513 | D:3      | Reached skill level 5 in Armour
  5513 | D:3      | Reached XP level 5. HP: 21/47 MP: 0/4
  5749 | D:3      | Noticed Grinder
  5759 | D:3      | Paralysed by Grinder for 3 turns
  5893 | D:3      | Paralysed by Grinder for 6 turns
  6031 | D:3      | Killed Grinder
  6032 | D:3      | Reached skill level 6 in Armour
  6032 | D:3      | Reached skill level 1 in Stealth
  6032 | D:3      | Reached XP level 6. HP: 48/53 MP: 5/5
  6311 | D:3      | Reached skill level 1 in Dodging
  6478 | D:3      | Reached skill level 5 in Axes
  6509 | D:3      | Reached XP level 7. HP: 41/59 MP: 6/6
  6902 | D:3      | Found a stormy altar of Qazlal.
  7120 | D:4      | Found a sand-covered staircase.
  7129 | Ossuary  | Entered an ossuary
  7445 | Ossuary  | Reached skill level 5 in Shields
  8619 | D:4      | Identified a scroll of acquirement
  8619 | D:4      | Acquired 464 gold pieces
  8670 | D:4      | You fall into a shaft and drop 2 floors!
  8681 | D:5      | Entered Level 5 of the Dungeon
  8691 | D:5      | Reached skill level 5 in Fighting
  8691 | D:5      | Reached skill level 7 in Armour
  9079 | D:5      | Succumbed to a water moccasin's poison

Illustrated notes

Levels and vault maps discovered:
D:1:      dpeg_arrival_morbid_curiosity, layout_loops_ring,
          hellmonk_ecumenical_altar_zigzags,
          wander_ebering_terrifying_dragon_lair
D:2:      layout_loops_ring, serial_forest, infiniplex_forest_lined_2,
          infiniplex_forest_straight_4, infiniplex_forest_zigzag_2,
          infiniplex_forest_clump_tiny, infiniplex_forest_zigzag_2,
          infiniplex_forest_clump_small, infiniplex_forest_zigzag_1,
          infiniplex_forest_clump_long, uniq_terence
D:3:      layout_basic, lemuel_round_altar, uniq_sigmund, uniq_grinder
D:4:      minmay_evil_eye, layout_basic, lemuel_doored_altar, enter_ossuary_1,
          serial_shops, shop_scrolls, nicolae_shop_stone, shop,
          nicolae_stop_n_shop_2, nicolae_shop_window_shopping,
          hangedman_glass_teeth, chequers_serial_rivers_micro_e,
          minmay_shop_damaged
D:5:      layout_basic, kennysheep_little_box
D:6:      layout_rooms, lemuel_coloured_pillars_altar, kennysheep_mini_moat,
          serial_shops, nicolae_diamond_shop, hangedman_decor_clover_reticule,
          uniq_blork_the_orc

Skill      XL: |  1  2  3  4  5  6  7 |
---------------+----------------------+-----
Armour         | 4 5 6 7 |  7.0
Fighting       | 4 5 |  5.0
Shields        | 4 5 |  5.1
Axes           | 3 4 5 6 |  6.3
Stealth        | 1 |  1.2
Dodging        | 1 |  1.4

Action                   |  1- 3 |  4- 6 |  7- 9 || total
-------------------------+-------+-------+-------++-------
Melee: War axe           |    91 |   100 |   112 ||   303
       Headbutt          |    10 |    15 |    19 ||    44
  Use: Scroll            |     2 |     4 |     7 ||    13
       Potion            |     1 |       |     2 ||     3
Armor: Scale mail        |    57 |    26 |    38 ||   121
Dodge: Dodged            |    35 |    30 |    35 ||   100
Block: Kite shield       |    64 |    64 |    60 ||   188

Table legend: (Time is in decaauts)
 A = Elapsed time spent in this place.
 B = Non-inter-level travel time spent in this place.
 C = Inter-level travel time spent in this place.
 D = Time resting spent in this place.
 E = Time spent auto-exploring this place.
 F = Levels seen in this place.
 G = Mean time per level.
                   A        B        C        D        E       F      G
               +--------+--------+--------+--------+--------+-----+--------+
         Total |   9244 |   9043 |    201 |   5749 |   2021 |   7 | 1320.6 |
       Dungeon |   7722 |   7521 |    201 |   4576 |   1931 |   6 | 1287.0 |
       Ossuary |   1522 |   1522 |      0 |   1173 |     90 |   1 | 1522.0 |
               +--------+--------+--------+--------+--------+-----+--------+

Top non-repeatable levels by time:
     D:2: 4245 daAuts
     D:3: 1553 daAuts
 Ossuary: 1522 daAuts
     D:1: 1416 daAuts
     D:5: 402 daAuts
     D:4: 93 daAuts
     D:6: 11 daAuts
